TOP OF THE 1ST |
New York Mets batting - Pitching for Philadelphia Phillies : RHP James Woods Jr.
|
Pitching: RHP James Woods Jr.
|
|
Batting: RHB Finn Ross
|
0-0: Ball 1-0: Foul Ball, location: 2F 1-1: Ball 2-1: Bunt for hit to 15 - play at first, batter OUT! 1-3
|
Batting: RHB Josh Jones
|
0-0: Called Strike 0-1: Ball 1-1: Swinging Strike 1-2: Foul Ball, location: 2F 1-2: Foul Ball, location: 2F 1-2: Fly out, F9 (Flyball, 9LS, EV 96.2 MPH)
|
Batting: LHB Chris Ringwood
|
0-0: Ball 1-0: Swinging Strike 1-1: Ball 2-1: Foul Ball, location: 2F 2-2: Fly out, F9 (Flyball, 89D, EV 95.0 MPH)
|
Top of the 1st over - 0 runs, 0 hits, 0 errors, 0 left on base; New York 0 - Philadelphia 0 |
BOTTOM OF THE 1ST |
Philadelphia Phillies batting - Pitching for New York Mets : RHP Apostolos Tsatsos
|
Pitching: RHP Apostolos Tsatsos
|
|
Batting: LHB Nick Canizales
|
0-0: Ball 1-0: Foul Ball, location: 2F 1-1: Called Strike 1-2: Foul Ball, location: 2F 1-2: Ball 2-2: Ball 3-2: Foul Ball, location: 2F 3-2: Base on Balls
|
Batting: LHB Mike Davis
|
0-0: Ball 1-0: Foul Ball, location: 2F 1-1: Fly out, F8 (Flyball, 8LM, EV 82.5 MPH)
|
Batting: SHB Lance Franklin
|
0-0: Called Strike Nick Canizales steals 2nd base 0-1: Foul Ball, location: 2F 0-2: SINGLE (Groundball, 4MD, EV 94.4 MPH) Nick Canizales to third Throwing error, E8 Nick Canizales scores Lance Franklin to second
|
Batting: LHB Osamu Kubo
|
0-0: Ball 1-0: Ball 2-0: Ball 3-0: Base on Balls
|
Batting: LHB Brad Turner
|
0-0: Called Strike 0-1: Called Strike 0-2: Strikes out swinging
|
Batting: LHB Ryan Trombley
|
0-0: Swinging Strike 0-1: Ball 1-1: Called Strike 1-2: Foul Ball, location: 2F 1-2: Strikes out swinging
|
Bottom of the 1st over - 1 run, 1 hit, 1 error, 2 left on base; New York 0 - Philadelphia 1 |
TOP OF THE 2ND |
New York Mets batting - Pitching for Philadelphia Phillies : RHP James Woods Jr.
|
Batting: RHB Jeff Jank
|
0-0: Ball 1-0: Called Strike 1-1: Foul Ball, location: 2F 1-2: Ball 2-2: Ball 3-2: Foul Ball, location: 2F 3-2: Strikes out swinging
|
Batting: SHB Luke Robbins
|
0-0: Ball 1-0: Ball 2-0: Foul Ball, location: 2F 2-1: Foul Ball, location: 2F 2-2: Ground out 5-3 (Groundball, 56, EV 81.9 MPH)
|
Batting: LHB Kyle Beaulieu
|
0-0: Called Strike 0-1: Ball 1-1: SINGLE (Line Drive, 34, EV 104.4 MPH)
|
Batting: SHB Billy Encinias
|
0-0: Called Strike 0-1: Called Strike 0-2: Strikes out swinging
|
Top of the 2nd over - 0 runs, 1 hit, 0 errors, 1 left on base; New York 0 - Philadelphia 1 |
BOTTOM OF THE 2ND |
Philadelphia Phillies batting - Pitching for New York Mets : RHP Apostolos Tsatsos
|
Batting: RHB Quintin Parker
|
0-0: Foul Ball, location: 2F 0-1: Ball 1-1: Ground out 5-3 (Groundball, 56S, EV 81.2 MPH)
|
Batting: SHB Phuck II
|
0-0: Ball 1-0: Ball 2-0: Ball 3-0: Called Strike 3-1: DOUBLE (Flyball, 89D, EV 105.0 MPH)
|
Batting: LHB Jim Beaver
|
0-0: Called Strike 0-1: Ball 1-1: Called Strike 1-2: Ball 2-2: Foul Ball, location: 2F 2-2: Strikes out looking
|
Batting: LHB Nick Canizales
|
0-0: Called Strike 0-1: Ball 1-1: Swinging Strike 1-2: Fly out, F9 (Flyball, 9, EV 75.0 MPH)
|
Bottom of the 2nd over - 0 runs, 1 hit, 0 errors, 1 left on base; New York 0 - Philadelphia 1 |
TOP OF THE 3RD |
New York Mets batting - Pitching for Philadelphia Phillies : RHP James Woods Jr.
|
Batting: SHB Jason Larson
|
0-0: Called Strike 0-1: Ball 1-1: Foul Ball, location: 2F 1-2: SINGLE (Line Drive, 6D, EV 105.0 MPH)
|
Batting: RHB Chris Torlak
|
0-0: Ball 1-0: Ball 2-0: Fielders Choice at 2nd, 4-6 (Groundball, 34, EV 83.1 MPH)
|
Batting: RHB Finn Ross
|
0-0: Ball 1-0: Called Strike 1-1: Ball 2-1: Fly out, F3 (Popup, 34S, EV 83.8 MPH)
|
Batting: RHB Josh Jones
|
0-0: 2-RUN HOME RUN (Flyball, 7LD, EV 93.1 MPH), Distance : 337 ft
|
Batting: LHB Chris Ringwood
|
0-0: Ball 1-0: Foul Ball, location: 2F 1-1: SINGLE (Line Drive, 89S, EV 96.9 MPH)
|
Batting: RHB Jeff Jank
|
0-0: Ball 1-0: Ball 2-0: Foul Ball, location: 2F 2-1: Ball 3-1: Base on Balls Chris Ringwood to second
|
Batting: SHB Luke Robbins
|
0-0: Ball 1-0: 3-RUN HOME RUN (Flyball, 8LXD, EV 109.4 MPH), Distance : 436 ft
|
Pitching: RHP David LaBounty
|
|
Batting: LHB Kyle Beaulieu
|
0-0: Ball 1-0: Ball 2-0: Foul Ball, location: 2F 2-1: SOLO HOME RUN (Flyball, 9LD, EV 98.8 MPH), Distance : 350 ft
|
Batting: SHB Billy Encinias
|
0-0: Ball 1-0: Ground out 4-3 (Groundball, 4, EV 108.1 MPH)
|
Top of the 3rd over - 6 runs, 5 hits, 0 errors, 0 left on base; New York 6 - Philadelphia 1 |
BOTTOM OF THE 3RD |
Philadelphia Phillies batting - Pitching for New York Mets : RHP Apostolos Tsatsos
|
Batting: LHB Mike Davis
|
0-0: Ball 1-0: Reached on error, E8 (Flyball, 8RM, EV 90.0 MPH)
|
Batting: SHB Lance Franklin
|
0-0: Called Strike 0-1: Swinging Strike 0-2: Strikes out swinging
|
Batting: LHB Osamu Kubo
|
0-0: Swinging Strike 0-1: Ball 1-1: Foul Ball, location: 2F 1-2: Ball 2-2: Ball 3-2: Base on Balls Mike Davis to second
|
Batting: LHB Brad Turner
|
0-0: Ball 1-0: Called Strike 1-1: Foul Ball, location: 2F 1-2: Strikes out looking
|
Batting: LHB Ryan Trombley
|
0-0: Ball 1-0: Swinging Strike 1-1: Swinging Strike 1-2: Strikes out looking
|
Bottom of the 3rd over - 0 runs, 0 hits, 1 error, 2 left on base; New York 6 - Philadelphia 1 |
TOP OF THE 4TH |
New York Mets batting - Pitching for Philadelphia Phillies : RHP David LaBounty
|
Batting: SHB Jason Larson
|
0-0: Ball 1-0: Called Strike 1-1: Called Strike 1-2: Foul Ball, location: 2F 1-2: Strikes out swinging
|
Batting: RHB Chris Torlak
|
0-0: Foul Ball, location: 2F 0-1: Swinging Strike 0-2: Ground out 2-3 (Groundball, 15S, EV 68.8 MPH)
|
Batting: RHB Finn Ross
|
0-0: Foul Ball, location: 2F 0-1: SINGLE (Line Drive, 9S, EV 104.4 MPH)
|
Batting: RHB Josh Jones
|
0-0: Swinging Strike 0-1: Called Strike Finn Ross steals 2nd base 0-2: Ball 1-2: Ball 2-2: Ball 3-2: Foul Ball, location: 2F 3-2: Foul Ball, location: 2F 3-2: Ground out U3 (Groundball, 13, EV 93.8 MPH)
|
Top of the 4th over - 0 runs, 1 hit, 0 errors, 1 left on base; New York 6 - Philadelphia 1 |
BOTTOM OF THE 4TH |
Philadelphia Phillies batting - Pitching for New York Mets : RHP Apostolos Tsatsos
|
Batting: RHB Quintin Parker
|
0-0: SINGLE (Flyball, 8LS, EV 99.4 MPH)
|
Batting: SHB Phuck II
|
0-0: Ball 1-0: Ball 2-0: Ball 3-0: Base on Balls Quintin Parker to second
|
Batting: LHB Jim Beaver
|
0-0: Called Strike 0-1: Ball 1-1: SINGLE (Flyball, 4D, EV 91.9 MPH) Quintin Parker to third Phuck II to second
|
Batting: LHB Nick Canizales
|
0-0: Called Strike 0-1: Ball 1-1: Foul Ball, location: 2F 1-2: Foul Ball, location: 2F 1-2: Ball 2-2: Foul Ball, location: 2F 2-2: Strikes out swinging
|
Batting: LHB Mike Davis
|
0-0: Called Strike 0-1: Grounds into double play, 6-4-3 (Groundball, 6, EV 101.9 MPH)
|
Bottom of the 4th over - 0 runs, 2 hits, 0 errors, 2 left on base; New York 6 - Philadelphia 1 |
TOP OF THE 5TH |
New York Mets batting - Pitching for Philadelphia Phillies : RHP David LaBounty
|
Batting: LHB Chris Ringwood
|
0-0: Ball 1-0: Ball 2-0: SOLO HOME RUN (Line Drive, 9LD, EV 91.9 MPH), Distance : 355 ft
|
Batting: RHB Jeff Jank
|
0-0: Called Strike 0-1: Called Strike 0-2: Foul Ball, location: 2F 0-2: Ball 1-2: Ball 2-2: SINGLE (Groundball, 25, EV 64.4 MPH) (infield hit)
|
Batting: SHB Luke Robbins
|
0-0: Ball 1-0: Ball 2-0: Called Strike 2-1: Ball 3-1: Base on Balls Jeff Jank to second
|
Batting: LHB Kyle Beaulieu
|
0-0: Foul Ball, location: 2F 0-1: Ball 1-1: Called Strike 1-2: Foul Ball, location: 2F 1-2: Strikes out swinging
|
Batting: SHB Billy Encinias
|
0-0: SINGLE (Line Drive, 34D, EV 108.8 MPH) Jeff Jank to third Luke Robbins to second
|
Batting: SHB Jason Larson
|
0-0: Called Strike 0-1: Ball 1-1: Fly out, F9 (Flyball, 9, EV 72.5 MPH)
|
Batting: RHB Chris Torlak
|
0-0: Ball 1-0: Ball 2-0: Foul Ball, location: 2F 2-1: SINGLE (Groundball, 6D, EV 98.1 MPH) Jeff Jank scores Luke Robbins to third Billy Encinias to second Throwing error, E7 Luke Robbins scores Billy Encinias to third Chris Torlak to second
|
Pitching: RHP Lucas McPhillie
|
|
Batting: RHB Finn Ross
|
0-0: Called Strike 0-1: Called Strike 0-2: Strikes out swinging
|
Top of the 5th over - 3 runs, 4 hits, 1 error, 2 left on base; New York 9 - Philadelphia 1 |
BOTTOM OF THE 5TH |
Philadelphia Phillies batting - Pitching for New York Mets : RHP Apostolos Tsatsos
|
Batting: SHB Lance Franklin
|
0-0: Ball 1-0: SOLO HOME RUN (Line Drive, 9D, EV 105.6 MPH), Distance : 422 ft
|
Batting: LHB Osamu Kubo
|
0-0: Ball 1-0: Called Strike 1-1: Ball 2-1: Ball 3-1: Base on Balls
|
Batting: LHB Brad Turner
|
0-0: Ball 1-0: Ball 2-0: Called Strike 2-1: Fielders Choice at 2nd, 3-6 (Groundball, 3, EV 91.9 MPH)
|
Batting: LHB Ryan Trombley
|
0-0: Called Strike 0-1: Ball 1-1: Ball 2-1: Ball 3-1: Base on Balls Brad Turner to second
|
Batting: RHB Quintin Parker
|
0-0: Ball 1-0: Foul Ball, location: 2F 1-1: Called Strike 1-2: Fly out, F7 (Flyball, 7S, EV 81.2 MPH)
|
Batting: SHB Phuck II
|
0-0: 3-RUN HOME RUN (Flyball, 78XD, EV 104.4 MPH), Distance : 395 ft
|
Pitching: RHP Marc Maniu
|
|
Batting: LHB Jim Beaver
|
0-0: Called Strike 0-1: Ball 1-1: Ball 2-1: Ball 3-1: Base on Balls
|
Batting: LHB Nick Canizales
|
0-0: Called Strike 0-1: Called Strike 0-2: Ball 1-2: Ball 2-2: Ground out 4-3 (Groundball, 34, EV 94.4 MPH)
|
Bottom of the 5th over - 4 runs, 2 hits, 0 errors, 1 left on base; New York 9 - Philadelphia 5 |
TOP OF THE 6TH |
New York Mets batting - Pitching for Philadelphia Phillies : RHP Lucas McPhillie
|
Batting: RHB Josh Jones
|
0-0: Ball 1-0: Ball 2-0: Ball 3-0: Called Strike 3-1: Called Strike 3-2: Base on Balls
|
Batting: LHB Chris Ringwood
|
0-0: Called Strike Josh Jones steals 2nd base 0-1: Called Strike 0-2: Ball 1-2: Ball 2-2: Ground out 4-3 (Groundball, 34, EV 81.2 MPH) Josh Jones to third
|
Batting: RHB Jeff Jank
|
0-0: Swinging Strike 0-1: Swinging Strike 0-2: Foul Ball, location: 2F 0-2: Ball 1-2: Strikes out swinging
|
Batting: SHB Luke Robbins
|
0-0: Called Strike 0-1: Called Strike 0-2: Ball 1-2: Ground out 1-3 (Groundball, 13S, EV 73.1 MPH)
|
Top of the 6th over - 0 runs, 0 hits, 0 errors, 1 left on base; New York 9 - Philadelphia 5 |
BOTTOM OF THE 6TH |
Philadelphia Phillies batting - Pitching for New York Mets : RHP Marc Maniu
|
Batting: LHB Mike Davis
|
0-0: Ball 1-0: Called Strike 1-1: Called Strike 1-2: DOUBLE (Line Drive, 89M, EV 90.6 MPH)
|
Batting: SHB Lance Franklin
|
0-0: Called Strike 0-1: Ball 1-1: Foul Ball, location: 2F 1-2: DOUBLE (Line Drive, 78M, EV 100.0 MPH) Mike Davis scores
|
Batting: LHB Osamu Kubo
|
0-0: Ball 1-0: Called Strike 1-1: DOUBLE (Line Drive, 89XD, EV 103.8 MPH) Lance Franklin scores
|
Batting: LHB Brad Turner
|
0-0: Called Strike 0-1: Ball 1-1: Foul Ball, location: 2F 1-2: Strikes out swinging
|
Batting: LHB Ryan Trombley
|
0-0: Foul Ball, location: 2F 0-1: Ball 1-1: Ball 2-1: Ball 3-1: Called Strike 3-2: Ground out 5-3 (Groundball, 5L, EV 103.1 MPH)
|
Batting: RHB Quintin Parker
|
0-0: Foul Ball, location: 2F 0-1: Foul Ball, location: 2F 0-2: Ball 1-2: Ball Wild Pitch! Osamu Kubo to third 2-2: Ground out 4-3 (Groundball, 4, EV 75.6 MPH)
|
Bottom of the 6th over - 2 runs, 3 hits, 0 errors, 1 left on base; New York 9 - Philadelphia 7 |
TOP OF THE 7TH |
New York Mets batting - Pitching for Philadelphia Phillies : RHP Lucas McPhillie
|
Pitching: LHP Ignacio Amaya
|
|
Batting: LHB Kyle Beaulieu
|
0-0: Ball 1-0: Ball 2-0: Called Strike 2-1: Ball 3-1: SOLO HOME RUN (Flyball, 7D, EV 99.4 MPH), Distance : 364 ft
|
Batting: SHB Billy Encinias
|
0-0: Foul Ball, location: 2F 0-1: Swinging Strike 0-2: Ball 1-2: Strikes out swinging
|
Batting: SHB Jason Larson
|
0-0: Ball 1-0: Ball 2-0: Fly out, F3 (Line Drive, 34, EV 66.9 MPH)
|
Batting: RHB Chris Torlak
|
0-0: Ball 1-0: Ball 2-0: Fly out, F9 (Flyball, 9, EV 93.8 MPH)
|
Top of the 7th over - 1 run, 1 hit, 0 errors, 0 left on base; New York 10 - Philadelphia 7 |
BOTTOM OF THE 7TH |
Philadelphia Phillies batting - Pitching for New York Mets : RHP Marc Maniu
|
Pitching: RHP Justin Overlie
|
|
Batting: SHB Phuck II
|
0-0: Ball 1-0: SINGLE (Flyball, 7S, EV 91.9 MPH)
|
Batting: LHB Jim Beaver
|
0-0: Ball 1-0: Ball 2-0: Foul Ball, location: 2F 2-1: Swinging Strike 2-2: Grounds into double play, 4-6-3 (Groundball, 4M, EV 84.4 MPH)
|
Batting: LHB Nick Canizales
|
0-0: Called Strike 0-1: Ball 1-1: Ball 2-1: Ball 3-1: Foul Ball, location: 2F 3-2: Base on Balls
|
Batting: LHB Mike Davis
|
0-0: Called Strike 0-1: Ball 1-1: Foul Ball, location: 2F 1-2: Foul Ball, location: 2F 1-2: Ball 2-2: Ball 3-2: Fly out, F7 (Flyball, 78S, EV 89.4 MPH)
|
Bottom of the 7th over - 0 runs, 1 hit, 0 errors, 1 left on base; New York 10 - Philadelphia 7 |
TOP OF THE 8TH |
New York Mets batting - Pitching for Philadelphia Phillies : LHP Ignacio Amaya
|
Pitching: RHP Ken Tetzlaff
|
|
Batting: RHB Finn Ross
|
0-0: Ball 1-0: Ball 2-0: Ball 3-0: Called Strike 3-1: Swinging Strike 3-2: Ground out 4-3 (Groundball, 4, EV 85.0 MPH)
|
Batting: RHB Josh Jones
|
0-0: Fly out, F4 (Popup, 4S, EV 69.4 MPH)
|
Batting: LHB Chris Ringwood
|
0-0: Foul Ball, location: 2F 0-1: Ball 1-1: Ball 2-1: TRIPLE (Flyball, 78XD, EV 93.8 MPH)
|
Batting: RHB Jeff Jank
|
0-0: Ball 1-0: Foul Ball, location: 2F 1-1: Foul Ball, location: 2F 1-2: Strikes out swinging
|
Top of the 8th over - 0 runs, 1 hit, 0 errors, 1 left on base; New York 10 - Philadelphia 7 |
BOTTOM OF THE 8TH |
Philadelphia Phillies batting - Pitching for New York Mets : RHP Justin Overlie
|
DELAY
|
Rain delay of 53 minutes in the 8th inning.
|
Batting: SHB Lance Franklin
|
0-0: Called Strike 0-1: Ball 1-1: Ball 2-1: Ground out 6-3 (Groundball, 6M, EV 81.9 MPH)
|
Batting: LHB Osamu Kubo
|
0-0: Fly out, F7 (Flyball, 7S, EV 89.4 MPH)
|
Batting: LHB Brad Turner
|
0-0: Ball 1-0: Foul Ball, location: 2F 1-1: Ball 2-1: Fly out, F8 (Flyball, 8LD, EV 78.1 MPH)
|
Bottom of the 8th over - 0 runs, 0 hits, 0 errors, 0 left on base; New York 10 - Philadelphia 7 |
TOP OF THE 9TH |
New York Mets batting - Pitching for Philadelphia Phillies : RHP Ken Tetzlaff
|
Pitching: RHP Marcos Tapia
|
|
Batting: SHB Luke Robbins
|
0-0: Fly out, F8 (Flyball, 89S, EV 87.5 MPH)
|
Batting: LHB Kyle Beaulieu
|
0-0: Called Strike 0-1: Ball 1-1: Called Strike 1-2: Foul Ball, location: 2F 1-2: Foul Ball, location: 2F 1-2: Ball 2-2: Foul Ball, location: 2F 2-2: Ball 3-2: Base on Balls
|
Batting: SHB Billy Encinias
|
0-0: Ball 1-0: Ball 2-0: Ball 3-0: SINGLE (Line Drive, 8RS, EV 93.8 MPH) Kyle Beaulieu to second
|
Batting: SHB Jason Larson
|
0-0: Called Strike 0-1: Swinging Strike 0-2: Ball 1-2: Foul Ball, location: 2F 1-2: Ball 2-2: Ball 3-2: Foul Ball, location: 2F 3-2: Foul Ball, location: 2F 3-2: Base on Balls Kyle Beaulieu to third Billy Encinias to second
|
Batting: RHB Chris Torlak
|
0-0: Ball 1-0: Swinging Strike 1-1: Ball 2-1: Grounds into fielders choice 6-2 (Groundball, 6, EV 85.0 MPH) Billy Encinias to third Jason Larson to second
|
Batting: RHB Finn Ross
|
0-0: Ball 1-0: Swinging Strike 1-1: Swinging Strike 1-2: Ball 2-2: Foul Ball, location: 2F 2-2: Fly out, F7 (Flyball, 78XD, EV 77.5 MPH)
|
Top of the 9th over - 0 runs, 1 hit, 0 errors, 3 left on base; New York 10 - Philadelphia 7 |
BOTTOM OF THE 9TH |
Philadelphia Phillies batting - Pitching for New York Mets : RHP Justin Overlie
|
Pitching: LHP Ken Dewey
|
|
Now at 1B: Billy Walker
|
|
Pinch Hitting: RHB Carlos Morejon
|
0-0: Ball 1-0: Ground out 1-3 (Groundball, 13S, EV 72.5 MPH)
|
Batting: RHB Quintin Parker
|
0-0: Ball 1-0: Ball 2-0: Ball 3-0: Called Strike 3-1: Base on Balls
|
Batting: SHB Phuck II
|
0-0: Foul Ball, location: 2F 0-1: Ball 1-1: Swinging Strike 1-2: Ball 2-2: Foul Ball, location: 2F 2-2: Strikes out swinging
|
Pinch Hitting: RHB Chef Belew
|
0-0: SINGLE (Groundball, 6D, EV 104.4 MPH) Quintin Parker to second
|
Pinch Hitting: RHB Mike Hanks
|
0-0: Ball 1-0: Ball 2-0: Ball 3-0: Fly out, F7 (Flyball, 78S, EV 98.1 MPH)
|
Bottom of the 9th over - 0 runs, 1 hit, 0 errors, 2 left on base; New York 10 - Philadelphia 7 |
|